 Dungeon Crawl Stone Soup version 0.25.1-2-g60ff931df9 (webtiles) character file.

Game seed: 16282589787710468316

16157 funkygono the Eclecticist (level 12, -18/62 HPs)
             Began as a Deep Elf Conjurer on Aug 23, 2020.
             Was an Elder of Vehumet.
             Demolished by a komodo dragon (30 damage)
             ... on level 1 of the Lair of Beasts on Aug 25, 2020.
             The game lasted 00:38:51 (15515 turns).

funkygono the Eclecticist (Deep Elf Conjurer)      Turns: 15515, Time: 00:38:52

Health: -18/62     AC: 13    Str:  5    XL:     12   Next: 7%
Magic:  26/33      EV: 16    Int: 26    God:    Vehumet [****..]
Gold:   890        SH:  0    Dex: 15    Spells: 24/42 levels left

rFire    + . .     SeeInvis .   J - +2 dagger (venom)
rCold    . . .     Gourm    .   (no shield)
rNeg     . . .     Faith    .   L - +2 robe {rF+}
rPois    .         Spirit   .   i - +1 helmet
rElec    .         Reflect  .   q - scarf {harm}
rCorr    .         Harm     +   f - +1 pair of gloves
MR       +....                  r - +0 pair of boots
Stlth    ++........             (no amulet)
HPRegen  0.20/turn              h - +4 ring of protection
MPRegen  0.23/turn              I - ring of flight

@: no status effects
A: no striking features
a: Renounce Religion, Evoke Flight


You were on level 1 of the Lair of Beasts.
You worshipped Vehumet.
Vehumet was greatly pleased with you.
You were not hungry.

You visited 3 branches of the dungeon, and saw 13 of its levels.
You also visited: Ossuary.

You collected 890 gold pieces.

Inventory:

Hand Weapons
 b - a +2 dagger
 F - a +0 dagger of freezing
 J - a +2 dagger of venom (weapon)
Missiles
 d - 408 stones (quivered)
Armour
 f - a +1 pair of gloves (worn)
 i - a +1 helmet (worn)
 q - a scarf of harm (worn)
 r - a +0 pair of boots (worn)
 L - a +2 robe of fire resistance (worn)
Jewellery
 h - a +4 ring of protection (left hand)
 I - a ring of flight (right hand)
Wands
 n - a wand of flame (18)
 o - a wand of acid (32)
 D - a wand of iceblast (12)
 O - a wand of digging (5)
Scrolls
 e - 3 scrolls of identify
 g - 5 scrolls of remove curse
 p - 3 scrolls of fog
 v - 3 scrolls of magic mapping
 w - 2 scrolls of teleportation
 y - 3 scrolls of fear
 B - 5 scrolls of blinking
 N - a scroll of amnesia
Potions
 a - 2 potions of cancellation
 j - 3 potions of mutation
 s - a potion of haste
 t - 4 potions of curing
 u - 3 potions of brilliance
 x - 2 potions of invisibility
 z - 3 potions of magic
 A - 4 potions of heal wounds
Comestibles
 c - 15 rations
 k - 10 chunks of flesh


   Skills:
 + Level 2.0 Fighting
 - Level 0.2 Armour
 + Level 6.8 Dodging
 - Level 3.0 Stealth
 + Level 15.5 Spellcasting
 + Level 13.1 Conjurations
 + Level 6.0 Hexes
 + Level 4.7 Translocations
 + Level 4.0 Fire Magic
 + Level 2.7 Earth Magic


You had 24 spell levels left.
You knew the following spells:

 Your Spells              Type           Power        Failure   Level  Hunger
a - Magic Dart            Conj           ####         0%          1    None
b - Searing Ray           Conj           ######       0%          2    None
c - Dazzling Flash        Conj/Hex       ######       1%          3    None
d - Iskenderun's Mystic   Conj/Tloc      ######..     1%          4    None
e - Foxfire               Conj/Fire      ####         1%          1    None
f - Stone Arrow           Conj/Erth      ######       1%          3    None
g - Sticky Flame          Conj/Fire      ######..     1%          4    None

Your spell library contained the following spells:

 Spells                   Type           Power        Failure   Level  Hunger
 Irradiate                Conj/Tmut      ######....   1%          5    None
 Sandblast                Erth           ####..       1%          1    None
 Fulminant Prism          Conj/Hex       ######....   1%          4    None
 Passwall                 Tmut/Erth      ####....     2%          2    None
 Lee's Rapid Deconstruct  Erth           ####......   7%          5    None
 Petrify                  Tmut/Erth      ####....     16%         4    None


Dungeon Overview and Level Annotations

Branches:
Dungeon (11/15)            Temple (1/1) D:6            Lair (1/6) D:11
    Orc (0/2) D:10        Ossuary (visited)

Altars:
Ashenzari
Cheibriados
Dithmenos
Elyvilon
Fedhas
Gozag
Hepliaklqana
Kikubaaqudgha
Makhleb
Nemelex Xobeh
Okawaru
Qazlal
Ru
Sif Muna
Trog
Uskayaw
Vehumet
Wu Jian
Xom
Yredelemnul
Zin
The Shining One

Shops:
D:10 [


Message History

Okay, then.
Unknown command.
You feel much better. The komodo dragon bites you!
* * * LOW HITPOINT WARNING * * *
Casting: Searing Ray (safe; 0% risk of failure)
Confirm with . or Enter, or press ? or * to list all spells.
Aiming: Searing Ray (safe; 0% risk of failure)
Press: ? - help, Shift-Dir - straight line, f/p - komodo dragon
Aim: a komodo dragon (moderately wounded)
The searing ray hits the komodo dragon.
The komodo dragon is moderately wounded. (Press . to maintain the ray.)
The komodo dragon bites you but does no damage.
The searing ray hits the komodo dragon.
The komodo dragon is moderately wounded.
The komodo dragon bites you but does no damage.
The searing ray hits the komodo dragon!
The komodo dragon is severely wounded.
The komodo dragon bites you!!
You die...

....#..#......... ...
...#.⌠..#........ ...
................÷ ...
..⌠.>.⌠...###### .....
..#.....#... # ...#.#
+###...#...## ##...#
###'.#..#######
##....l###......##.....#
#.#.#.#@..#...#.....#...
+.......#.....#.#....... ..
#...⌠...+...⌠.......⌠...
...........#......#.........
....#..#.#..#.#.....#.###...
....##.....#.#.......#.....#
.....#####...##...##...#.#.#
♣..........)......#.........
...♣..........#..............


You could see a komodo dragon.

Vanquished Creatures
  A hydra (Lair:1)
  A two-headed ogre (D:10)
  A spriggan (Lair:1)
  A manticore (D:11)
  The ghost of Vinx the Chopper, a novice MiFi of Elyvilon (D:5)
  Psyche (D:9)
  Maggie (D:7)
  A spiny frog (Lair:1)
  A rime drake (Lair:1)
  Prince Ribbit (D:8)
  3 trolls
  A hornet (Lair:1)
  5 hippogriffs
  A shadow (D:11)
  3 wyverns
  A vampire (D:10)
  A wraith (D:10)
  11 yaks
  A hungry ghost (D:10)
  A water moccasin (D:10)
  4 orc warriors
  6 porcupines (Lair:1)
  A sky beast (D:7)
  3 ice beasts
  A black bear (D:7)
  2 eyes of draining
  3 phantoms
  20 wolves (Lair:1)
  5 ogres
  2 centaurs
  5 crocodiles
  A gnoll sergeant (D:7)
  2 bullfrogs
  2 water moccasin zombies (Ossuary)
  6 scorpions
  6 killer bees (D:9)
  A howler monkey (D:11)
  9 wights
  4 crimson imps
  2 centaur zombies
  A bullfrog zombie (D:11)
  7 hounds
  11 orc priests
  2 jellies
  9 orc wizards
  6 iguanas
  7 worker ants
  2 big kobold zombies (Ossuary)
  A hound zombie (D:11)
  2 hound skeletons
  2 mummies (Ossuary)
  A worker ant zombie (D:7)
  Robin (D:2)
  3 gnolls (D:7)
  15 adders
  A river rat (D:5)
  A shadow imp (D:11)
  3 adder zombies (Ossuary)
  4 worms
  3 dart slugs
  6 leopard geckos
  57 orcs
  2 giant cockroaches
  15 goblins
  9 hobgoblins
  11 jackals
  4 quokkas
  3 ball pythons
  9 bats
  2 frilled lizards
  9 hobgoblin zombies (Ossuary)
  5 kobolds
  3 kobold zombies (Ossuary)
  4 orc zombies (Ossuary)
  A quokka zombie (D:5)
  3 rats
348 creatures vanquished.

Vanquished Creatures (others)
  128 foxfires
  A fungus (Lair:1)
129 creatures vanquished.

Grand Total: 477 creatures vanquished

Notes
Turn   | Place    | Note
-------+----------+-------------------------------------------
     0 | D:1      | funkygono the Deep Elf Conjurer began the quest for the
                  | Orb.
     0 | D:1      | Reached XP level 1. HP: 10/10 MP: 6/6
   173 | D:1      | Reached XP level 2. HP: 15/15 MP: 5/8
   222 | D:1      | Reached skill level 5 in Conjurations
   651 | D:1      | Learned a level 2 spell: Searing Ray
   707 | D:1      | Reached XP level 3. HP: 19/19 MP: 2/9
   941 | D:2      | Noticed Robin
   967 | D:2      | Killed Robin
  1292 | D:2      | Reached XP level 4. HP: 24/24 MP: 5/11
  1559 | D:2      | Reached skill level 4 in Spellcasting
  2012 | D:2      | Learned a level 3 spell: Dazzling Flash
  2017 | D:2      | Learned a level 4 spell: Iskenderun's Mystic Blast
  2062 | D:3      | Reached XP level 5. HP: 28/28 MP: 9/13
  2195 | D:3      | Reached skill level 1 in Hexes
  2378 | D:3      | Reached skill level 1 in Translocations
  2558 | D:3      | Reached skill level 5 in Spellcasting
  2690 | D:3      | Reached XP level 6. HP: 32/32 MP: 11/15
  3292 | D:4      | Found a shattered altar of Ashenzari.
  3683 | D:4      | Reached skill level 6 in Spellcasting
  3683 | D:4      | Reached XP level 7. HP: 36/36 MP: 10/18
  4055 | D:5      | Entered Level 5 of the Dungeon
  4242 | D:5      | Found an iron altar of Okawaru.
  4243 | D:5      | Found a shimmering blue altar of Sif Muna.
  4248 | D:5      | Reached skill level 7 in Spellcasting
  4282 | D:5      | Found a basalt altar of Yredelemnul.
  5056 | D:5      | Found a runed translucent door.
  5057 | D:5      | Noticed Vinx's ghost (novice MiFi)
  5190 | D:5      | Killed Vinx's ghost
  5190 | D:5      | Reached skill level 8 in Spellcasting
  5190 | D:5      | Reached XP level 8. HP: 14/41 MP: 9/22
  5421 | D:5      | Found a runed translucent door.
  5945 | D:6      | Reached skill level 5 in Hexes
  6087 | D:6      | Found a sand-covered staircase.
  6091 | Ossuary  | Entered an ossuary
  6914 | D:6      | Found a staircase to the Ecumenical Temple.
  6983 | Temple   | Entered the Ecumenical Temple
  7007 | Temple   | Became a worshipper of Vehumet
  7264 | D:7      | Reached skill level 9 in Spellcasting
  7341 | D:7      | Reached skill level 1 in Fighting
  7510 | D:7      | Reached XP level 9. HP: 35/47 MP: 3/24
  7772 | D:7      | Reached skill level 10 in Spellcasting
  8360 | D:7      | Noticed Maggie
  8368 | D:7      | Killed Maggie
  8648 | D:8      | Reached * piety under Vehumet
  8648 | D:8      | Offered knowledge of Freeze by Vehumet.
  8823 | D:8      | Reached skill level 11 in Spellcasting
  9369 | D:8      | Noticed Prince Ribbit
  9375 | D:8      | Killed Prince Ribbit
  9590 | D:9      | Reached skill level 10 in Conjurations
  9597 | D:9      | Reached skill level 12 in Spellcasting
  9598 | D:9      | Reached XP level 10. HP: 49/52 MP: 20/28
 10025 | D:9      | Noticed Psyche
 10119 | D:9      | Reached ** piety under Vehumet
 10227 | D:9      | Killed Psyche
 10227 | D:9      | Reached skill level 13 in Spellcasting
 10245 | D:9      | Offered knowledge of Foxfire by Vehumet.
 10251 | D:9      | Learned a level 1 spell: Foxfire
 10812 | D:10     | Entered Level 10 of the Dungeon
 10825 | D:10     | Learned a level 3 spell: Stone Arrow
 10861 | D:10     | Noticed a two-headed ogre
 10866 | D:10     | Killed a two-headed ogre
 10866 | D:10     | Reached skill level 5 in Dodging
 10866 | D:10     | Reached skill level 1 in Fire Magic
 11208 | D:10     | Reached XP level 11. HP: 49/57 MP: 18/30
 11212 | D:10     | Reached skill level 14 in Spellcasting
 11213 | D:10     | Found a staircase to the Orcish Mines.
 11218 | D:10     | Found Daak's Armour Boutique.
 11627 | D:10     | Offered knowledge of Static Discharge by Vehumet.
 12769 | D:11     | Reached *** piety under Vehumet
 13172 | D:11     | Reached skill level 1 in Earth Magic
 13183 | D:11     | Offered knowledge of Sticky Flame by Vehumet.
 13580 | D:11     | Found a staircase to the Lair.
 14119 | D:11     | Learned a level 4 spell: Sticky Flame
 14201 | Lair:1   | Entered Level 1 of the Lair of Beasts
 14541 | Lair:1   | Noticed a seven-headed hydra
 14546 | Lair:1   | Killed a seven-headed hydra
 14546 | Lair:1   | Reached **** piety under Vehumet
 14546 | Lair:1   | Reached skill level 15 in Spellcasting
 14920 | Lair:1   | Offered knowledge of Irradiate by Vehumet.
 14939 | Lair:1   | HP: 1/57 [spiny frog (14)]
 15054 | Lair:1   | Noticed a spriggan rider
 15170 | Lair:1   | Killed a spriggan rider
 15406 | Lair:1   | Reached XP level 12. HP: 55/62 MP: 23/33
 15515 | Lair:1   | Demolished by a komodo dragon

Illustrated notes

Levels and vault maps discovered:
D:1:      heliophobic_arrival_glass_houses, layout_rooms,
          minmay_misc_feat_diagonals
D:2:      layout_loops_cross, uniq_robin
D:3:      layout_rooms, kennysheep_generic_room_3
D:4:      layout_basic, old_standard_altar, minmay_vboxes
D:5:      kennysheep_six_static_rooms, layout_basic, grunt_temple_overflow_open,
          ebering_ghost_sewer_f, first_ration, nrook_mini_backslash
D:6:      layout_basic, minmay_temple_entry_poolview, serial_glass,
          glass_columns_a, glass_columns_a, glass_columns_a, enter_ossuary_5
D:7:      layout_basic, uniq_maggie
D:8:      layout_rooms, uniq_prince_ribbit1
D:9:      layout_roguey, uniq_psyche
D:10:     layout_small_grid, orc_david_3
D:11:     layout_irregular_city, lair_entry_dummy
Temple:   hc_temple_tempest_star
Lair:1:   layout_regular_city, grunt_forest_large_clearings, grunt_megastairs_1,
          serial_bayou_shore_a, lemuel_fruit_tree

Skill      XL: |  1  2  3  4  5  6  7  8  9 10 11 |
---------------+----------------------------------+-----
Conjurations   | 5 6 7 8 10 11 13 | 13.1
Spellcasting   | 4 5 6 8 9 12 13 15 | 15.5
Hexes          | 1 3 4 6 |  6.0
Translocations | 1 2 3 4 |  4.7
Stealth        | 3 |  3.0
Dodging        | 3 4 5 6 |  6.8
Fighting       | 1 2 |  2.0
Fire Magic     | 2 4 |  4.0
Earth Magic    | 2 |  2.7
Armour         | |  0.2

Action                   |  1- 3 |  4- 6 |  7- 9 | 10-12 || total
-------------------------+-------+-------+-------+-------++-------
Melee: Dagger            |    11 |    11 |     1 |     1 ||    24
 Cast: Magic Dart        |    72 |   126 |   183 |   106 ||   487
       Searing Ray       |     2 |    15 |    64 |    65 ||   146
       Dazzling Flash    |       |       |     1 |     2 ||     3
       Iskenderun's Myst |       |       |     4 |     2 ||     6
       Foxfire           |       |       |       |    73 ||    73
       Stone Arrow       |       |       |       |    43 ||    43
  Use: Scroll            |     1 |     9 |    14 |     4 ||    28
       Potion            |       |       |       |     1 ||     1
  Eat: Chunk             |     1 |     7 |    15 |    14 ||    37
       Ration            |       |       |     1 |     1 ||     2
Armor: Robe              |     4 |     7 |    21 |    29 ||    61
       Acid dragon scale |       |       |     3 |     3 ||     6
Dodge: Dodged            |    18 |    17 |    36 |    98 ||   169
